 Dungeon Crawl Stone Soup version 0.28-a0-863-g8cecda6153 (webtiles) character file.

Game seed: 1070628873537239599

111 croobank the Slasher (level 4, -5/38 HPs)
             Began as a Barachi Berserker on Nov 18, 2021.
             Was a Believer of Trog.
             Killed by divine providence
             ... invoked by an orc priest
              (11 damage)
             ... on level 3 of the Dungeon.
             The game lasted 00:10:09 (2365 turns).

croobank the Slasher (Barachi Berserker)            Turns: 2365, Time: 00:10:09

Health: -5/38      AC:  2    Str: 20    XL:     4   Next: 92%
Magic:  4/4        EV:  9    Int:  7    God:    Trog [**....]
Gold:   105        SH:  7    Dex: 11    Spells: 3/3 levels left

rFire   + . .      SeeInvis .   a - +1 falchion
rCold   . . .      Faith    .   r - +0 kite shield
rNeg    . . .      Spirit   .   b - +0 animal skin
rPois   .          Reflect  .   (no helmet)
rElec   .          Harm     .   (no cloak)
rCorr   .          Rampage  .   (no gloves)
Will    .....                   (no boots)
Stlth   +.........              (no amulet)
HPRegen 0.12/turn               f - ring of protection from fire
MPRegen 0.09/turn               (no ring)

@: on berserk cooldown, slowed, very slow
A: amphibious, slowness 1, strong legs 1, +LOS
a: Hop, Renounce Religion, Berserk, Trog's Hand


You were on level 3 of the Dungeon.
You worshipped Trog.
Trog was pleased with you.
You visited 1 branch of the dungeon, and saw 3 of its levels.

You collected 105 gold pieces.

Inventory:

Hand Weapons
 a - a +1 falchion (weapon)
 k - a +0 short sword
 o - a +2 dagger of protection
 s - a +1 dagger of flaming
Missiles
 l - 50 stones (quivered)
Armour
 b - a +0 animal skin (worn)
 c - a +1 scale mail of cold resistance
 e - a +0 ring mail
 i - a +0 plate armour
 r - a +0 kite shield (worn)
Jewellery
 f - a ring of protection from fire (left hand)
 p - a ring of wizardry
Scrolls
 m - a scroll of teleportation
Potions
 d - a potion of flight {unknown}
 g - a potion of haste
 j - a potion of curing
 q - a potion of invisibility {unknown}


   Skills:
 + Level 4.3 Fighting
 + Level 5.3 Long Blades
 + Level 2.5 Armour
 + Level 3.0 Dodging
 + Level 0.5 Stealth
 * Level 0.8 Shields


You had 3 spell levels left.
You didn't know any spells.
Your spell library was empty.

Dungeon Overview and Level Annotations

Branches:
Dungeon (3/15)

Altars:


Innate Abilities, Weirdness & Mutations

You are amphibious.
You cover ground slowly.
You can hop short distances.
You have an extended range of vision and can be seen from far away.


Message History

You slash the orc priest!
The orc priest is almost dead.
The orc priest hits you with a +0 dagger.
You barely miss the orc priest.
The orc priest is almost dead.
You are no longer berserk.
You are exhausted.
You feel yourself slow down.
The orc priest invokes the aid of Beogh against you.
Beogh smites you!
* * * LOW HITPOINT WARNING * * *
You hit the orc priest.
You kill the orc priest!
Trog accepts your kill.
Your Dodging skill increases to level 3!
You start resting.
An orc is nearby!
Press: ? - help, v - describe, . - travel
Here: an orc, wielding a +0 short sword and wearing a +0 leather armour The floor.
Throw: 51 stones
Press: ? - help, Q - select action, (/) - cycle Shift-Dir - straight line, f - orc
Aim: an orc, wielding a +0 short sword and wearing a +0 leather armour (56% to hit)
You throw a stone.
The stone hits the orc but does no damage.
The orc priest looks braver for a moment.
The orc hits you with a +0 short sword.
* * * LOW HITPOINT WARNING * * *
Items here: )) [ ††.
You hit the orc.
The orc is lightly wounded.
The orc barely misses you.
The orc priest looks satisfied for a moment.
The orc hits you with a +0 short sword.
* * * LOW HITPOINT WARNING * * *
You barely miss the orc.
The orc is lightly wounded.
The orc priest invokes the aid of Beogh against you.
Beogh smites you!
You die...

,,,,,,,,,,,*,**,**,*
,,,,,,,,,,,*,**,**,*
,,,,,,,,,,,*,**,**,*
***************,**,*
*****,**,*
#,,,,,,,,*
#.#*******
*####...#####
*.........@)#
#.#......o#.#
#.#.......#.#
#.#.......#.#
#.#......(#.#
#.#...o...#.# #
#.#.......#.# #####
#.#.......#.#
#...###.##.....##.#


You could see an orc priest and an orc.

Vanquished Creatures
  An orc priest (D:3)
  3 adders
  4 orcs (D:3)
  6 ball pythons
  3 bats
  5 endoplasms
  3 giant cockroaches
  6 goblins
  3 hobgoblins
  3 quokkas
  2 frilled lizards (D:1)
  4 kobolds
  3 rats
46 creatures vanquished.

Notes
Turn   | Place    | Note
-------+----------+-------------------------------------------
     0 | D:1      | croobank the Barachi Berserker began the quest for the Orb.
     0 | D:1      | Reached XP level 1. HP: 18/18 MP: 1/1
   327 | D:1      | Reached skill level 4 in Long Blades
   327 | D:1      | Reached XP level 2. HP: 24/25 MP: 2/2
   449 | D:1      | Found a faded altar of an unknown god.
   838 | D:1      | Reached XP level 3. HP: 27/30 MP: 3/3
   923 | D:1      | You fall into a shaft and drop 1 floor!
  1250 | D:2      | Reached ** piety under Trog
  1917 | D:3      | Reached XP level 4. HP: 37/37 MP: 4/4
  1948 | D:3      | Reached skill level 5 in Long Blades
  2365 | D:3      | Killed from afar by an orc priest

Illustrated notes

Levels and vault maps discovered:
D:1:      mushboom_english_gardens, layout_basic,
          hellmonk_ecumenical_altar_zigzags, hangedman_decor_clover_reticule
D:2:      layout_rooms, kennysheep_minor_cross, hex_intersection
D:3:      cheibrodos_pilgrimage, layout_basic, grunt_decor_one_mirror,
          uniq_ijyb, uniq_sigmund

Skill      XL: |  1  2  3  4 |
---------------+-------------+-----
Long Blades    | 4 5 |  5.3
Fighting       | 4 |  4.3
Dodging        | 3 |  3.0
Armour         | |  2.5
Stealth        | |  0.5
Shields        | |  0.8

Action                   |  1- 3 |  4- 6 || total
-------------------------+-------+-------++-------
Melee: Falchion          |   103 |    28 ||   131
Throw: Stone             |       |     1 ||     1
Invok: Berserk           |     1 |     1 ||     2
  Use: Potion            |     2 |       ||     2
       Scroll            |       |     4 ||     4
 Stab: Sleeping          |       |     1 ||     1
Armor: Animal skin       |    18 |     1 ||    19
Dodge: Dodged            |    85 |     9 ||    94
Block: Kite shield       |       |     9 ||     9

Table legend: (Time is in decaauts)
 A = Elapsed time spent in this place.
 B = Non-inter-level travel time spent in this place.
 C = Inter-level travel time spent in this place.
 D = Time resting spent in this place.
 E = Time spent auto-exploring this place.
 F = Levels seen in this place.
 G = Mean time per level.
                   A        B        C        D        E       F      G
               +--------+--------+--------+--------+--------+-----+--------+
         Total |   2587 |   2568 |     19 |    448 |   1490 |   3 |  862.3 |
       Dungeon |   2587 |   2568 |     19 |    448 |   1490 |   3 |  862.3 |
               +--------+--------+--------+--------+--------+-----+--------+

Top non-repeatable levels by time:
     D:2: 1002 daAuts
     D:1: 991 daAuts
     D:3: 594 daAuts
